 Dungeon Crawl Stone Soup version 0.24.0-29-g8ce449bc06 (webtiles) character file.

Game seed: 14769365383360110017, levelgen mode: deterministic

329294 Nattfarinn the Demonologist (level 21, -20/156 HPs)
             Began as a Barachi Summoner on Nov 13, 2019.
             Was the Champion of Cheibriados.
             Killed from afar by a blizzard demon (23 damage)
             ... with a bolt of cold
             ... on level 3 of the Depths on Nov 15, 2019.
             The game lasted 06:21:11 (56316 turns).

Nattfarinn the Demonologist (Barachi Summoner)     Turns: 56316, Time: 06:21:12

Health: -20/156    AC: 40    Str: 33    XL:     21   Next: 71%
Magic:  8/35       EV: 41    Int: 37    God:    Cheibriados [******]
Gold:   484        SH: 11    Dex: 34    Spells: 2/40 levels left

rFire    + + .     SeeInvis .   D - +4 falchion of Callousness {flame, rElec rF+}
rCold    . . .     Gourm    .   L - +3 buckler
rNeg     . . .     Faith    .   m - +10 plate armour of the Spheres {rPois rF+ Str+3}
rPois    +         Spirit   .   V - +2 hat
rElec    +         Reflect  .   H - +2 cloak
rCorr    .         Harm     .   J - +1 pair of gloves "Hocsiph" {-Tele rElec MR+++ Slay+2}
MR       +++++     NoTele   +   x - +1 pair of boots of the Jabberwock {rPois MR++ Regen+ Stlth-}
Stlth    ..........             F - amulet of Weetzur {Acrobat Str+4}
HPRegen  0.76/turn              g - ring of wizardry
MPRegen  0.24/turn              a - ring "Genlen" {rPois Dex+4}

@: can't hop, acrobat, studying Ice Magic, very slow
A: +LOS, swims, slowness 1, strong legs 2
}: 2/15 runes: decaying, serpentine
a: Hop, Bend Time, Temporal Distortion, Slouch, Step From Time, Renounce
Religion


You were on level 3 of the Depths.
You worshipped Cheibriados.
Cheibriados was exalted by your worship.
You were not hungry.

You visited 7 branches of the dungeon, and saw 38 of its levels.
You also visited: Ice Cave.

You collected 4546 gold pieces.
You spent 4062 gold pieces at shops.

Inventory:

Hand Weapons
 j - the +3 falchion of Zamedurgh {slice, +Blink +Fly rF- Int+7}
   (You bought it in a shop on level 4 of the Vaults)

   It inflicts extra damage upon your enemies.
   It affects your intelligence (+7).
   It makes you vulnerable to fire.
   It lets you fly.
   It lets you blink.
 t - the +3 long sword "Qaumip" {flame, rPois Dex+2}
   (You bought it in a shop on level 13 of the Dungeon)

   It has been specially enchanted to burn those struck by it, causing extra
   injury to most foes and up to half again as much damage against particularly
   susceptible opponents.
   Big, fiery blades are also staple armaments of hydra-hunters.
   It affects your dexterity (+2).
   It protects you from poison.
 D - the +4 falchion of Callousness (weapon) {flame, rElec rF+}
   (You found it on level 6 of the Dungeon)

   It has been specially enchanted to burn those struck by it, causing extra
   injury to most foes and up to half again as much damage against particularly
   susceptible opponents.
   Big, fiery blades are also staple armaments of hydra-hunters.
   It protects you from fire.
   It insulates you from electricity.
Armour
 m - the +10 plate armour of the Spheres (worn) {rPois rF+ Str+3}
   (You found it on level 4 of the Snake Pit)

   It affects your strength (+3).
   It protects you from fire.
   It protects you from poison.
 x - the +1 pair of boots of the Jabberwock (worn) {rPois MR++ Regen+ Stlth-}
   (You found it on level 2 of the Swamp)

   It protects you from poison.
   It affects your resistance to hostile enchantments.
   It increases your rate of regeneration.
   It makes you less stealthy.
 H - a +2 cloak (worn)
 J - the +1 pair of gloves "Hocsiph" (worn) {-Tele rElec MR+++ Slay+2}
   (You found it on level 14 of the Dungeon)

   It affects your accuracy and damage with ranged weapons and melee attacks
   (+2).
   It insulates you from electricity.
   It affects your resistance to hostile enchantments.
   It prevents most forms of teleportation.
 L - a +3 buckler (worn)
 V - a +2 hat (worn)
Jewellery
 a - the ring "Genlen" (right hand) {rPois Dex+4}
   (You found it on level 3 of the Vaults)

   [ring of dexterity]

   It affects your dexterity (+4).
   It protects you from poison.
 b - an uncursed ring of wizardry
 g - a ring of wizardry (left hand)
 v - an uncursed amulet of the gourmand {unknown}
 A - the ring of Liberalism {Str+5 Slay+3}
   (You found it on level 14 of the Dungeon)

   [ring of strength]

   It affects your strength (+5).
   It affects your accuracy and damage with ranged weapons and melee attacks
   (+3).
 F - the amulet of Weetzur (around neck) {Acrobat Str+4}
   (You bought it in a shop on level 4 of the Vaults)

   [amulet of the acrobat]

   It helps you evade while moving and waiting.
   It affects your strength (+4).
 O - an uncursed ring of magical power
Wands
 k - a wand of digging (22)
 q - a wand of flame (36)
 B - a wand of clouds (4)
 I - a wand of scattershot (20)
 K - a wand of acid (32)
 M - a wand of enslavement (8)
 R - a wand of iceblast (52)
 W - a wand of paralysis (6)
Scrolls
 d - 21 scrolls of remove curse
 h - 4 scrolls of magic mapping
 l - 16 scrolls of teleportation
 r - 4 scrolls of immolation
 u - 5 scrolls of fear
 w - 2 scrolls of torment
 y - 8 scrolls of blinking
 C - 5 scrolls of amnesia
 E - 6 scrolls of enchant weapon
 Q - 3 scrolls of vulnerability
 S - a scroll of silence
 Y - a scroll of enchant armour
 Z - 3 scrolls of fog
Potions
 e - 2 potions of might
 i - 8 potions of curing
 n - 5 potions of ambrosia
 o - 6 potions of lignification
 p - 8 potions of flight
 s - 6 potions of brilliance
 z - 6 potions of mutation
 G - a potion of resistance
 N - a potion of invisibility
 P - 3 potions of agility
Books
 T - a manual of Ice Magic
 U - a manual of Ice Magic
Miscellaneous
 X - a phantom mirror
Comestibles
 c - 48 rations


   Skills:
 - Level 11.0 Fighting
   Level 1.0(7.4) Short Blades
 - Level 12.3 Long Blades
 - Level 20.0 Armour
 * Level 15.8 Dodging
 - Level 1.7 Stealth
 - Level 5.0 Shields
 - Level 10.1 Spellcasting
 - Level 4.6 Hexes
 - Level 21.1 Summonings
 - Level 10.8 Translocations
 - Level 10.5 Ice Magic
 - Level 7.4 Invocations


You had 2 spell levels left.
You knew the following spells:

 Your Spells              Type           Power        Failure   Level  Hunger
a - Summon Small Mammal   Summ           ####         0%          1    None
b - Call Imp              Summ           ########     0%          2    None
c - Call Canine Familiar  Summ           ########     0%          3    None
d - Summon Lightning Spi  Summ/Air       #######.     1%          4    None
e - Summon Ice Beast      Ice/Summ       #######.     1%          4    None
f - Slow                  Hex            ######..     1%          2    None
g - Monstrous Menagerie   Summ           ########..   1%          7    ######.
h - Malign Gateway        Summ/Tloc      #######...   4%          7    ######.
i - Summon Horrible Thin  Summ           ########..   3%          8    #######

Your spell library contained the following spells:

 Spells                   Type           Power        Failure   Level  Hunger
 Summon Butterflies       Summ           ########     0%          1    None
 Apportation              Tloc           ######       1%          1    None
 Confusing Touch          Hex            ######       1%          1    None
 Corona                   Hex            ######.      1%          1    None
 Freeze                   Ice            ####         1%          1    None
 Blink                    Tloc           N/A          1%          2    None
 Ensorcelled Hibernation  Hex/Ice        ######       1%          2    None
 Throw Frost              Conj/Ice       ######       1%          2    None
 Beastly Appendage        Tmut           ###...       3%          1    None
 Flame Tongue             Conj/Fire      ###..        3%          1    None
 Magic Dart               Conj           ###.         3%          1    None
 Sandblast                Erth           ###...       3%          1    None
 Shock                    Conj/Air       ###.         3%          1    None
 Passwall                 Tmut/Erth      ###.....     4%          2    None
 Poisonous Vapours        Pois/Air       ###...       4%          2    None
 Searing Ray              Conj           ###...       4%          2    None
 Sticks to Snakes         Tmut           ###.....     4%          2    None
 Swiftness                Chrm/Air       ###.....     4%          2    None
 Throw Flame              Conj/Fire      ###...       4%          2    None
 Confuse                  Hex            ######..     1%          3    None
 Gell's Gravitas          Tloc           #######...   1%          3    None
 Lesser Beckoning         Tloc           #######...   1%          3    None
 Ozocubu's Armour         Chrm/Ice       ######..     1%          3    None
 Summon Guardian Golem    Hex/Summ       #######.     1%          3    None
 Tukima's Dance           Hex            ######..     1%          3    None
 Summon Greater Demon     Summ           ########..   1%          7    ######.
 Force Lance              Conj/Tloc      ######..     3%          4    None
 Ice Form                 Ice/Tmut       ######..     3%          4    None
 Throw Icicle             Conj/Ice       ######..     3%          4    None
 Dazzling Spray           Conj/Hex       #####.       4%          3    None
 Inner Flame              Hex/Fire       #####...     4%          3    None
 Metabolic Englaciation   Hex/Ice        ######....   4%          5    ##.....
 Conjure Flame            Conj/Fire      ###.....     10%         3    None
 Mephitic Cloud           Conj/Pois/Air  ###.....     10%         3    None
 Spider Form              Tmut/Pois      ###.......   10%         3    None
 Static Discharge         Conj/Air       ###.....     10%         3    None
 Stone Arrow              Conj/Erth      ###...       10%         3    None
 Fulminant Prism          Conj/Hex       #####.....   12%         4    None
 Leda's Liquefaction      Hex/Erth       #####.....   12%         4    None
 Airstrike                Air            ###.......   30%         4    None
 Iskenderun's Mystic Bla  Conj           ###.....     30%         4    None
 Petrify                  Tmut/Erth      ###.....     30%         4    None
 Sticky Flame             Conj/Fire      ###.....     30%         4    None
 Yara's Violent Unravell  Hex/Tmut       #####.....   32%         5    ##.....
 Invisibility             Hex            ######..     56%         6    ####...
 Alistair's Intoxication  Tmut/Pois      ###.....     61%         5    ##.....
 Blade Hands              Tmut           ###.......   61%         5    ##.....
 Bolt of Magma            Conj/Fire/Erth ###.......   61%         5    ##.....
 Fireball                 Conj/Fire      ###.......   61%         5    ##.....
 Lee's Rapid Deconstruct  Erth           ###.......   61%         5    ##.....
 Lightning Bolt           Conj/Air       ###.......   61%         5    ##.....
 Freezing Cloud           Conj/Ice/Air   #####.....   71%         6    ####...
 Disjunction              Tloc           #######...   91%         8    #######
 Iron Shot                Conj/Erth      ###.......   99%         6    ####...
 Statue Form              Tmut/Erth      ###......    99%         6    ####...
 Ring of Flames           Chrm/Fire      ###.......   100%        7    ######.
 Shatter                  Erth           ###.......   100%        9    #######


Dungeon Overview and Level Annotations

Branches:
Dungeon (15/15)            Temple (0/1) D:4            Lair (6/6) D:10
  Swamp (4/4) Lair:4        Snake (4/4) Lair:4        Slime (0/5) Lair:5
    Orc (2/2) D:12            Elf (0/3) Orc:2        Vaults (4/5) D:13
  Crypt (0/3) Vaults:2     Depths (3/5) D:15          IceCv (visited)

Altars:
Cheibriados
Elyvilon
Fedhas
Hepliaklqana
Kikubaaqudgha
Makhleb
Nemelex Xobeh
Trog
Wu Jian
Yredelemnul
Zin

Shops:
D:11 ?   D:13 (   D:15 }   Orc:2 (:[*=[}   Snake:1 }}=   Vaults:4 *=(

Portals:
Hell: Depths:1 Depths:2
Abyss: Depths:2

Annotations:
D:14 2 transporters
Swamp:2 2 transporters


Innate Abilities, Weirdness & Mutations

Shadows flee at your approach. (+LOS)
You can swim through water.
You cover ground slowly.
You can hop long distances.


Message History

Okay, then.
The blizzard demon waves its arms in wide circles.
The air twists around and strikes you. The blizzard demon gestures at you.
The bolt of cold hits you!
* * * LOW HITPOINT WARNING * * *
You close the door.
You are ready to hop once more.
Okay, then.
Hop to where?
Press: ? - help, Dir - move target cursor Boing!
The blizzard demon gestures at you. The bolt of lightning misses you.
The blizzard demon gestures at you. The bolt of lightning hits you. You resist.
* * * LOW HITPOINT WARNING * * *
The blizzard demon gestures at you. The bolt of cold hits you!!
You die...

....Y# #. .#÷#1#
#.######### .#(#(#
#.........#
#)#)#########........#
#....).2.°(##........#
#..........##........#
#......1..)+.........#
#..........###.......#
###.###....2...@.....#
#.# #.######.......+
#.# #.# #........# #.#
#.# #.##.#+### #.# #.#
.. #.# #.# #.# #.# #.#
#. #.# #. #.# # .#


You could see a blizzard demon.

Vanquished Creatures
  A sphinx (Depths:1)
  2 tengu reavers
  A thorn hunter (Swamp:4)
  5 nagarajas
  A frost giant (Depths:3)
  The ghost of will825x the Covert, an adept GnEn of Okawaru (Swamp:2)
  5 vault wardens
  A ghoul (Vaults:3)
  A war gargoyle (Vaults:4)
  6 ironheart preservers
  6 stone giants
  4 ettins
  3 fire dragons
  7 yaktaur captains
  5 great orbs of eyes
  13 hydras
  A rakshasa (Depths:3)
  2 ice dragons
  2 vault guards
  9 naga warriors
  2 spriggan air magi (Depths:2)
  2 shambling mangroves (Swamp:4)
  5 ogre magi
  An anaconda (Snake:2)
  2 dancing weapons (D:13)
  8 alligators
  4 death knights
  8 two-headed ogres
  3 deep troll shamans
  3 centaur warriors
  2 death yaks
  A naga sharpshooter (Snake:4)
  3 shock serpents
  2 orc high priests
  Urug (Lair:3)
  A deep elf knight (Vaults:1)
  4 skeletal warriors
  2 fire crabs (shapeshifter)
  An unseen horror (D:14)
  2 wizards (Vaults:1)
  A glowing orange brain (Vaults:4)
  5 deep trolls
  A sea snake (Snake:4)
  A spriggan druid (Swamp:4)
  A phantasmal warrior (Vaults:3)
  5 ironbrand convokers
  2 swamp dragons
  A wolf spider zombie (D:14)
  A lindwurm (shapeshifter) (Vaults:3)
  A naga ritualist (Snake:3)
  2 deep elf archers (Vaults:4)
  5 harpies (Vaults:4)
  3 cyclopes
  10 orc knights
  2 necromancers
  3 orc sorcerers
  2 wolf spiders
  8 ugly things
  3 mana vipers
  A fire giant zombie (Vaults:4)
  A deep elf mage (Vaults:3)
  An elephant (Lair:4)
  2 salamanders
  2 moths of wrath (Swamp:2)
  5 vault sentinels
  2 naga magi
  An ice statue (IceCv)
  12 spiny frogs
  16 black mambas
  A gargoyle (D:13)
  5 komodo dragons
  3 rime drakes
  A tengu conjurer (Depths:2)
  10 freezing wraiths
  30 yaktaurs
  A red devil (Depths:1)
  A jumping spider (shapeshifter) (D:14)
  6 trolls
  A troll (shapeshifter) (Vaults:4)
  8 tyrant leeches
  A queen bee (shapeshifter) (Vaults:1)
  20 slime creatures
  A blink frog (shapeshifter) (Vaults:1)
  6 bog bodies
  A fire giant simulacrum (Vaults:2)
  2 polar bears (Lair:6)
  A blink frog (Lair:5)
  8 hornets
  3 hippogriffs
  A water elemental (Depths:1)
  A spriggan (Swamp:1)
  2 shadows (Swamp:3)
  A vampire (D:15)
  5 redbacks (Vaults:4)
  25 yaks
  2 wraiths
  5 hogs
  A hog (shapeshifter) (Vaults:3)
  A wyvern (D:13)
  3 vampire mosquitoes (Swamp:3)
  A death yak simulacrum (IceCv)
  5 insubstantial wisps
  5 nagas
  2 wargs
  5 swamp worms
  10 water moccasins
  A water moccasin (shapeshifter) (Vaults:3)
  5 porcupines
  2 swamp drakes
  21 orc warriors
  An elf zombie (Vaults:4)
  10 boggarts
  13 ogres
  3 wolves (Lair:6)
  2 centaurs (Vaults:4)
  An elf skeleton (Vaults:4)
  8 crocodiles
  12 bullfrogs
  A water moccasin zombie (D:6)
  A scorpion (Lair:2)
  A killer bee (D:7)
  3 crimson imps
  4 centaur zombies
  11 orc priests
  3 centaur skeletons
  2 human zombies
  2 hounds
  12 orc wizards
  Ijyb (D:3)
  An iguana (D:6)
  Natasha (D:2)
  4 troll simulacra (IceCv)
  A wolf simulacrum (IceCv)
  2 centaur simulacra (IceCv)
  A hound zombie (D:5)
  3 hound skeletons
  4 gnolls
  An adder (D:6)
  2 ogre simulacra (IceCv)
  A shadow imp (D:2)
  2 white imps (IceCv)
  A dart slug (D:3)
  4 leopard geckos
  48 orcs
  7 giant cockroaches
  7 goblins
  5 hobgoblins
  12 jackals
  2 quokkas
  2 ball pythons (D:3)
  6 bats
  5 frilled lizards
  A jackal skeleton (D:9)
  6 kobolds
  2 leopard gecko zombies
  A quokka skeleton (D:6)
  8 rats
  A rat zombie (D:8)
  A fungus (D:4)
680 creatures vanquished.

Vanquished Creatures (collateral kills)
  Sojobo (Vaults:3)
  the Lernaean hydra (Swamp:4)
  Saint Roka (Vaults:4)
  Xtahua (Vaults:3)
  Nikola (Snake:3)
  A tentacled monstrosity (Swamp:3)
  Jorgrun (D:14)
  3 tengu reavers
  Kirke (Snake:3)
  3 thorn hunters
  Donald (Snake:3)
  12 nagarajas
  A frost giant (Vaults:4)
  A fire giant (Depths:1)
  4 vault wardens
  A deep elf sorcerer (Vaults:3)
  2 balrugs (Depths:3)
  Aizul (Vaults:3)
  6 ironheart preservers
  3 orc warlords
  4 stone giants
  13 very ugly things
  Nessos (Lair:6)
  2 entropy weavers (Vaults:4)
  2 deep elf death magi
  2 fire dragons (Depths:1)
  3 ettins (Depths:1)
  The ghost of Delamore the Executioner, a journeyman HOFi of Qazlal (Orc:1)
  A great orb of eyes (Depths:3)
  5 yaktaur captains
  3 rakshasas
  A catoblepas (Lair:6)
  14 hydras
  5 vault guards (Vaults:3)
  18 naga warriors
  A ghost crab (Swamp:2)
  3 shambling mangroves
  5 alligators
  2 anacondas
  8 centaur warriors
  4 ogre magi
  4 death knights
  4 deep troll shamans
  A deep troll earth mage (Vaults:3)
  3 tengu warriors (Depths:1)
  15 two-headed ogres
  5 death yaks (Lair:6)
  4 orc high priests
  6 shock serpents
  A spriggan berserker (Depths:2)
  A deep elf knight (Vaults:1)
  6 spriggans
  19 naga sharpshooters
  A soul eater (Depths:1)
  2 salamander mystics
  3 unseen horrors
  A shadow wraith (Vaults:4)
  5 skeletal warriors
  5 iron trolls (Depths:1)
  5 deep trolls
  2 flayed ghosts
  A lindwurm (Lair:6)
  4 deep elf archers
  6 ironbrand convokers
  11 swamp dragons
  2 wizards (D:14)
  4 naga ritualists
  3 harpies (Vaults:3)
  5 orc sorcerers
  A phantasmal warrior (Vaults:1)
  19 ugly things
  8 orc knights
  2 deep elf magi
  6 mana vipers
  5 cyclopes
  5 salamanders
  7 elephants
  5 guardian serpents
  17 naga magi
  A centaur zombie (D:15)
  A moth of wrath (shapeshifter) (D:15)
  16 black mambas
  A water nymph (shapeshifter) (D:13)
  5 spiny frogs
  3 vault sentinels
  A spiny frog (shapeshifter) (Depths:3)
  4 centaur skeletons
  A hellion (Depths:3)
  2 efreet
  6 komodo dragons
  A kobold demonologist (D:13)
  20 yaktaurs
  11 freezing wraiths
  2 hellwings (Depths:1)
  A red devil (Depths:1)
  A tengu conjurer (Depths:1)
  14 hornets
  5 trolls
  A jumping spider (Vaults:4)
  12 slime creatures
  2 hippogriffs
  6 tyrant leeches
  A blink frog (shapeshifter) (Depths:2)
  15 blink frogs
  12 bog bodies
  A flying skull (Vaults:2)
  2 redbacks (Vaults:4)
  4 wraiths
  5 shadows
  A vampire (D:14)
  A water elemental (D:12)
  2 wyverns
  5 hogs (Snake:3)
  A basilisk (D:13)
  8 yaks
  A human (D:8)
  A hungry ghost (D:12)
  A death yak simulacrum (IceCv)
  11 swamp worms
  14 vampire mosquitoes
  87 nagas
  Duvessa (D:7)
  A soldier ant (D:11)
  5 insubstantial wisps
  6 water moccasins
  6 hell hounds (Depths:1)
  6 acid dragons
  2 porcupines (Lair:1)
  A sky beast (D:11)
  11 swamp drakes
  10 ice beasts
  29 orc warriors
  2 eyes of draining
  An eye of draining (shapeshifter) (D:13)
  4 necrophages
  5 black bears
  18 ogres
  8 boggarts
  A wolf (Lair:6)
  17 centaurs
  6 crocodiles
  3 big kobolds
  2 wyvern zombies
  6 bullfrogs
  A gnoll sergeant (D:6)
  Dowan (D:7)
  6 scorpions
  A troll zombie (D:9)
  2 killer bees (D:7)
  10 wights
  5 howler monkeys
  8 electric eels
  2 bullfrog zombies
  7 crimson imps
  A draconian simulacrum (IceCv)
  A quasit (D:9)
  2 human zombies (D:9)
  6 hounds
  4 jellies
  Crazy Yiuf (D:4)
  3 gnoll shamans (D:6)
  27 orc priests
  Jessica (D:2)
  2 iguanas
  Natasha (twice) (D:2)
  26 orc wizards
  A spriggan simulacrum (IceCv)
  4 troll simulacra (IceCv)
  A polar bear simulacrum (IceCv)
  9 worker ants
  A centaur simulacrum (IceCv)
  3 mummies (D:9)
  A howler monkey zombie (D:9)
  44 gnolls
  3 naga simulacra (IceCv)
  7 adders
  2 ogre simulacra (IceCv)
  A shadow imp (D:15)
  13 white imps
  4 oozes
  An adder zombie (D:6)
  2 adder skeletons
  2 worms
  A dart slug (D:1)
  4 leopard geckos
  97 orcs
  2 ball pythons
  A bat zombie (D:8)
  3 giant cockroaches
  4 goblins
  3 hobgoblins
  4 jackals
  2 quokkas
  3 frilled lizards
  A jackal zombie (D:6)
  17 kobolds
  A leopard gecko skeleton (D:8)
  4 rats (D:1)
  3 rat zombies (D:8)
  2 fungi (Lair:6)
  5 plants
1164 creatures vanquished.

Vanquished Creatures (others)
  45 eldritch tentacles
  A very ugly thing (Depths:3)
  A guardian serpent (Snake:4)
  A komodo dragon (Swamp:1)
  A hellwing (Depths:1)
  A bog body (Swamp:2)
  A vampire (D:14)
  A swamp drake (Swamp:2)
  An orc warrior (Vaults:4)
  A bullfrog (Lair:5)
  An orc wizard (D:8)
  A bush (Lair:6)
  13 fungi
  9 plants
  2 withered plants (Orc:1)
80 creatures vanquished.

Grand Total: 1924 creatures vanquished

Notes
Turn   | Place    | Note
-------+----------+-------------------------------------------
     0 | D:1      | Nattfarinn the Barachi Summoner began the quest for the
                  | Orb.
     0 | D:1      | Reached XP level 1. HP: 13/13 MP: 3/3
    86 | D:1      | Reached skill level 5 in Summonings
   252 | D:1      | Reached XP level 2. HP: 19/19 MP: 3/5
   605 | D:1      | Learned a level 2 spell: Call Imp
   638 | D:1      | Reached XP level 3. HP: 24/24 MP: 4/6
   709 | D:1      | Reached skill level 6 in Summonings
  1255 | D:2      | Noticed Natasha
  1262 | D:2      | Learned a level 3 spell: Call Canine Familiar
  1268 | D:2      | Killed Natasha
  1546 | D:2      | Reached XP level 4. HP: 30/30 MP: 7/7
  1547 | D:2      | Noticed Jessica
  1562 | D:2      | Killed Jessica
  1806 | D:2      | Found a burning altar of Makhleb.
  1879 | D:2      | Reached skill level 7 in Summonings
  1951 | D:2      | Noticed Natasha
  1968 | D:2      | Killed Natasha
  2047 | D:2      | Noticed Natasha
  2057 | D:2      | Killed Natasha
  2367 | D:3      | Found a snail-covered altar of Cheibriados.
  2374 | D:3      | Reached XP level 5. HP: 25/35 MP: 8/8
  2381 | D:3      | Became a worshipper of Cheibriados the Contemplative
  2658 | D:3      | Noticed Ijyb
  2680 | D:3      | Killed Ijyb
  2771 | D:3      | Reached * piety under Cheibriados
  3106 | D:3      | Reached skill level 8 in Summonings
  3698 | D:4      | Found a staircase to the Ecumenical Temple.
  3755 | D:4      | Reached XP level 6. HP: 41/41 MP: 1/9
  4141 | D:4      | Found a runed translucent door.
  4142 | D:4      | Noticed Crazy Yiuf
  4410 | D:4      | Killed Crazy Yiuf
  4447 | D:5      | Entered Level 5 of the Dungeon
  4498 | D:5      | Found a white marble altar of Elyvilon.
  4597 | D:5      | Reached skill level 9 in Summonings
  4661 | D:5      | Reached ** piety under Cheibriados
  4666 | D:5      | Found a sparkling altar of Nemelex Xobeh.
  4983 | D:5      | Found a hazy altar of Hepliaklqana.
  5096 | D:5      | Got a bloodstained leather armour
  5099 | D:5      | Identified the +2 leather armour "Xibruhiseno" {Str+8
                  | Dex-3} (You found it on level 5 of the Dungeon)
  5757 | D:5      | Reached XP level 7. HP: 40/46 MP: 7/10
  5891 | D:6      | Got a warped falchion
  5892 | D:6      | Identified the +4 falchion of Callousness {flame, rElec
                  | rF+} (You found it on level 6 of the Dungeon)
  5907 | D:6      | Reached skill level 10 in Summonings
  6149 | D:6      | Reached *** piety under Cheibriados
  6151 | D:6      | Found Zin's Purification Station.
  6157 | D:6      | Found a glowing silver altar of Zin.
  6301 | D:5      | Learned a level 4 spell: Summon Lightning Spire
  6325 | D:6      | Reached skill level 1 in Fighting
  6740 | D:6      | Reached **** piety under Cheibriados
  6844 | D:6      | Reached XP level 8. HP: 54/61 MP: 11/11
  6846 | D:6      | Bought a potion of curing for 90 gold pieces
  6889 | D:6      | Found a basalt altar of Yredelemnul.
  6916 | D:6      | Reached skill level 5 in Fighting
  6991 | D:6      | Found a blossoming altar of Fedhas.
  7168 | D:6      | Noticed a troll
  7622 | D:7      | Reached ***** piety under Cheibriados
  8471 | D:7      | Noticed Duvessa
  8471 | D:7      | Noticed Dowan
  8476 | D:7      | Killed Dowan
  8487 | D:7      | Killed Duvessa
  8813 | D:8      | Reached XP level 9. HP: 75/75 MP: 9/13
  8832 | D:8      | Noticed a two-headed ogre
  8838 | D:8      | Killed a two-headed ogre
  9005 | D:8      | Noticed a two-headed ogre
  9013 | D:8      | Reached skill level 5 in Spellcasting
  9064 | D:8      | Killed a two-headed ogre
  9162 | D:8      | Found an ornate altar of the Wu Jian Council.
  9308 | D:8      | Reached skill level 5 in Dodging
  9659 | D:8      | Found the +7 Spriggan's Knife {stab, EV+4 Stlth+}
  9684 | D:8      | Found an ancient bone altar of Kikubaaqudgha.
  9798 | D:9      | Reached XP level 10. HP: 82/82 MP: 21/21
  9810 | D:9      | Reached ****** piety under Cheibriados
 10014 | D:9      | Reached skill level 1 in Shields
 10121 | D:9      | Found a basalt altar of Yredelemnul.
 10474 | D:9      | Noticed a two-headed ogre
 10479 | D:9      | Killed a two-headed ogre
 10479 | D:9      | Reached skill level 5 in Shields
 10606 | D:10     | Entered Level 10 of the Dungeon
 10749 | D:10     | Found a staircase to the Lair.
 10750 | D:10     | Noticed a centaur warrior
 10761 | D:10     | Killed a centaur warrior
 10761 | D:10     | Reached skill level 11 in Summonings
 11869 | D:11     | Reached skill level 12 in Summonings
 11888 | D:11     | Noticed a brown ugly thing
 11900 | D:11     | Killed a brown ugly thing
 11900 | D:11     | Reached XP level 11. HP: 66/87 MP: 22/22
 12043 | D:11     | Found Zixo's Magic Scroll Shop.
 12056 | D:11     | Bought a scroll of identify for 28 gold pieces
 12056 | D:11     | Bought a scroll of identify for 28 gold pieces
 12056 | D:11     | Bought a scroll of blinking for 105 gold pieces
 12056 | D:11     | Bought a scroll of enchant armour for 105 gold pieces
 12056 | D:11     | Bought a scroll of teleportation for 42 gold pieces
 12056 | D:11     | Bought a scroll of noise for 14 gold pieces
 12441 | D:11     | Noticed a white ugly thing
 12457 | D:11     | Killed a white ugly thing
 12973 | D:12     | Reached skill level 1 in Armour
 12979 | D:12     | Learned a level 4 spell: Summon Ice Beast
 13101 | D:12     | Noticed a white ugly thing
 13122 | D:12     | Killed a white ugly thing
 13243 | D:12     | Noticed a white ugly thing
 13251 | D:12     | Killed a white ugly thing
 13330 | D:12     | Noticed a two-headed ogre
 13340 | D:12     | Killed a two-headed ogre
 13340 | D:12     | Reached skill level 5 in Armour
 13767 | D:12     | Found a staircase to the Orcish Mines.
 14028 | D:13     | Noticed a +4 long sword
 14048 | D:13     | Killed a +4 long sword
 14107 | D:13     | Found a gate to the Vaults.
 14119 | D:13     | Noticed a +4 long sword
 14151 | D:13     | Killed a +4 long sword
 14345 | D:13     | Found Miapui's Antique Weapon Emporium.
 14394 | D:13     | Noticed a tengu reaver
 14407 | D:13     | Killed a tengu reaver
 14540 | D:13     | Noticed a centaur warrior
 14552 | D:13     | Killed a centaur warrior
 14552 | D:13     | Reached skill level 1 in Invocations
 14851 | D:13     | Noticed an eight-headed hydra
 14856 | D:13     | Noticed an orc knight
 14859 | D:13     | Killed an eight-headed hydra
 14959 | D:13     | Killed an orc knight
 14959 | D:13     | Reached XP level 12. HP: 94/94 MP: 14/23
 15100 | D:13     | Noticed an eight-headed hydra
 15109 | D:13     | Killed an eight-headed hydra
 15382 | D:13     | Noticed a centaur warrior
 15393 | D:13     | Killed a centaur warrior
 15484 | D:13     | Noticed a centaur warrior
 15497 | D:13     | Killed a centaur warrior
 15497 | D:13     | Reached skill level 5 in Invocations
 15961 | Lair:1   | Entered Level 1 of the Lair of Beasts
 16054 | Lair:1   | Reached skill level 10 in Armour
 16088 | Lair:1   | Learned a level 2 spell: Slow
 16176 | Lair:1   | Reached skill level 1 in Hexes
 16422 | Lair:1   | Found an ornate altar of the Wu Jian Council.
 16666 | Lair:1   | Noticed a five-headed hydra
 16674 | Lair:1   | Killed a five-headed hydra
 17002 | Lair:1   | Upgraded the game from 0.24.0-28-g17ded55e90 to
                  | 0.24.0-29-g8ce449bc06
 17052 | Lair:2   | Reached skill level 1 in Long Blades
 17107 | Lair:2   | Found a frozen archway.
 17114 | IceCv    | Entered an ice cave
 17463 | IceCv    | Found an ancient bone altar of Kikubaaqudgha.
 17477 | IceCv    | Reached skill level 5 in Long Blades
 18217 | Lair:2   | Reached skill level 1 in Ice Magic
 18537 | Lair:2   | Reached skill level 5 in Ice Magic
 18573 | Lair:2   | Noticed a six-headed hydra
 18579 | Lair:2   | Killed a six-headed hydra
 18689 | Lair:2   | Noticed a seven-headed hydra
 18696 | Lair:2   | Killed a six-headed hydra
 19060 | Lair:3   | Gained mutation: You can hop long distances. [Barachi
                  | growth]
 19060 | Lair:3   | Reached XP level 13. HP: 92/100 MP: 24/24
 19184 | Lair:3   | Noticed Urug
 19202 | Lair:3   | Killed Urug
 19629 | Lair:3   | Reached skill level 10 in Ice Magic
 20016 | Lair:4   | Reached skill level 1 in Short Blades
 20022 | Lair:4   | Reached skill level 13 in Summonings
 20065 | Lair:4   | Found a staircase to the Snake Pit.
 20168 | Lair:4   | Found a staircase to the Swamp.
 20591 | Lair:4   | Got a faintly glowing dagger
 20592 | Lair:4   | Identified the +11 dagger of the Two Names {pain, rN++}
                  | (You found it on level 4 of the Lair of Beasts)
 20909 | Lair:5   | Found an ancient bone altar of Kikubaaqudgha.
 21307 | Lair:5   | Found a staircase to the Slime Pits.
 21988 | Lair:6   | Entered Level 6 of the Lair of Beasts
 22130 | Lair:6   | Noticed Nessos
 22186 | Lair:6   | Killed Nessos
 22279 | Lair:6   | Reached skill level 14 in Summonings
 22908 | Lair:6   | Reached skill level 10 in Long Blades
 23072 | Lair:6   | Got a pitted quarterstaff
 23076 | Lair:6   | Got a heavily runed leather armour
 23084 | Lair:6   | Identified the +3 leather armour of Mezcal {rN+ rCorr} (You
                  | found it on level 6 of the Lair of Beasts)
 23124 | Lair:6   | Reached XP level 14. HP: 102/106 MP: 25/25
 23515 | D:14     | Found a transporter.
 23529 | D:14     | Found a transporter.
 23565 | D:14     | Noticed Jorgrun
 23906 | D:14     | Reached skill level 15 in Summonings
 23965 | D:14     | Killed Jorgrun
 24464 | D:14     | Found a transporter.
 24621 | D:14     | Got a crude iron ring
 24623 | D:14     | Identified the ring of Liberalism {Str+5 Slay+3} (You found
                  | it on level 14 of the Dungeon)
 24627 | D:14     | Found a transporter.
 24644 | D:14     | Found a transporter.
 24988 | D:14     | Got a pair of faintly humming gloves
 24994 | D:14     | Identified the +1 pair of gloves "Hocsiph" {-Tele rElec
                  | MR+++ Slay+2} (You found it on level 14 of the Dungeon)
 25025 | D:15     | Entered Level 15 of the Dungeon
 25425 | D:15     | Found Boyfuall's Gadget Shoppe.
 25945 | D:15     | Reached skill level 16 in Summonings
 26224 | D:15     | Got a twisted flail
 26229 | D:15     | Found a staircase to the Depths.
 26663 | Orc:1    | Entered Level 1 of the Orcish Mines
 26723 | Orc:2    | Entered Level 2 of the Orcish Mines
 26816 | Orc:2    | Found Pouhokop's Gadget Shop.
 26893 | Orc:2    | Found Jacheur's Jewellery Shoppe.
 27031 | Orc:2    | Found a staircase to the Elven Halls.
 27111 | Orc:2    | Found Yggagun's Armour Emporium.
 27156 | Orc:2    | Noticed an orc warlord
 27683 | Orc:2    | Killed an orc warlord
 27966 | Orc:2    | Found Ytwum's Antique Armour Shop.
 27968 | Orc:2    | Found Cacimiept's Antique Weapon Boutique.
 27970 | Orc:2    | Found Ruave's General Store.
 27970 | Orc:2    | Found Gaagoff's Book Shop.
 27974 | Orc:2    | Bought 2 potions of mutation for 256 gold pieces
 27974 | Orc:2    | Bought a scroll of acquirement for 832 gold pieces
 28393 | Orc:1    | Reached skill level 10 in Fighting
 28629 | Orc:1    | Found a runed translucent door.
 28630 | Orc:1    | Noticed Delamore's ghost (journeyman HOFi)
 28807 | Orc:1    | Killed Delamore's ghost
 29110 | Swamp:1  | Entered Level 1 of the Swamp
 29126 | Swamp:1  | Reached XP level 15. HP: 97/115 MP: 19/27
 29255 | Swamp:1  | Noticed a thorn hunter
 29267 | Swamp:1  | Killed a thorn hunter
 29565 | Orc:2    | Bought a Grand Grimoire for 1435 gold pieces
 29573 | Orc:2    | Learned a level 7 spell: Monstrous Menagerie
 30474 | Swamp:1  | Reached skill level 17 in Summonings
 30771 | Swamp:2  | Noticed will825x's ghost (adept GnEn)
 31138 | Swamp:2  | Found a transporter.
 31175 | Swamp:2  | Found a transporter.
 31408 | Swamp:2  | Found a transporter.
 31738 | Swamp:2  | Found a transporter.
 32568 | Swamp:3  | Reached skill level 18 in Summonings
 32698 | Swamp:3  | Learned a level 7 spell: Malign Gateway
 32849 | Swamp:3  | Reached skill level 1 in Translocations
 33323 | Swamp:3  | Noticed a tentacled monstrosity
 33341 | Swamp:3  | Killed a tentacled monstrosity
 33714 | Swamp:3  | Reached skill level 5 in Translocations
 33998 | Swamp:4  | Entered Level 4 of the Swamp
 34004 | Swamp:4  | Noticed a thorn hunter
 34020 | Swamp:4  | Killed a thorn hunter
 34193 | Swamp:4  | Noticed a thorn hunter
 34218 | Swamp:4  | Killed a thorn hunter
 34465 | Swamp:4  | Reached XP level 16. HP: 80/123 MP: 14/29
 34803 | Swamp:4  | Noticed a thorn hunter
 34875 | Swamp:4  | Killed a thorn hunter
 35357 | Swamp:4  | Noticed the 27-headed Lernaean hydra
 35366 | Swamp:4  | Killed the 27-headed Lernaean hydra
 35366 | Swamp:4  | Reached skill level 10 in Translocations
 35453 | Swamp:4  | Got a decaying rune of Zot
 35912 | Snake:1  | Entered Level 1 of the Snake Pit
 36483 | Snake:1  | Found Kobolakk's Jewellery Boutique.
 36483 | Snake:1  | Found Suf Jel's Gadget Emporium.
 36484 | Snake:1  | Found Buetull's Gadget Emporium.
 37214 | Snake:2  | Identified the Incunabulum of the Spatial Rocks
 37399 | Snake:2  | Reached skill level 10 in Spellcasting
 37960 | Snake:3  | Noticed Kirke
 37989 | Snake:3  | Killed Kirke
 38235 | Snake:3  | Noticed a nagaraja
 38240 | Snake:3  | Killed a nagaraja
 38454 | Snake:3  | Noticed Donald
 38457 | Snake:3  | Killed Donald
 38457 | Snake:3  | Reached skill level 19 in Summonings
 39572 | Snake:3  | Noticed a nagaraja
 39585 | Snake:3  | Killed a nagaraja
 39585 | Snake:3  | Reached XP level 17. HP: 101/131 MP: 29/31
 39698 | Snake:3  | Noticed Nikola
 39706 | Snake:3  | Killed Nikola
 40228 | Snake:4  | Entered Level 4 of the Snake Pit
 40666 | Snake:4  | Reached skill level 20 in Summonings
 41651 | Snake:4  | Reached skill level 21 in Summonings
 41899 | Snake:4  | Got a brightly glowing plate armour
 41910 | Snake:4  | Identified the +10 plate armour of the Spheres {rPois rF+
                  | Str+3} (You found it on level 4 of the Snake Pit)
 42785 | Snake:4  | Got a serpentine rune of Zot
 43131 | Snake:4  | Found a blossoming altar of Fedhas.
 43889 | Vaults:1 | Entered Level 1 of the Vaults
 44501 | Vaults:1 | You fall into a shaft and drop 1 floor!
 44749 | Vaults:1 | Reached XP level 18. HP: 138/138 MP: 21/32
 46341 | Vaults:2 | Reached skill level 15 in Armour
 46770 | Vaults:2 | Found a staircase to the Crypt.
 48069 | Swamp:2  | Killed will825x's ghost
 48095 | Swamp:2  | Got a pair of brightly glowing boots
 48106 | Swamp:2  | Identified the +1 pair of boots of the Jabberwock {rPois
                  | MR++ Regen+ Stlth-} (You found it on level 2 of the Swamp)
 48586 | Vaults:3 | Noticed Sojobo
 48619 | Vaults:3 | Killed Sojobo
 49460 | Vaults:3 | Reached XP level 19. HP: 143/143 MP: 33/33
 49515 | Vaults:3 | Identified the +7 glaive of the Foot {freeze, rF+ Dex+3}
 49526 | Vaults:3 | Noticed Xtahua
 49541 | Vaults:3 | Killed Xtahua
 49726 | Vaults:3 | Got a wavering tin ring
 49728 | Vaults:3 | Identified the ring "Genlen" {rPois Dex+4} (You found it on
                  | level 3 of the Vaults)
 50224 | Vaults:3 | Noticed Aizul
 50237 | Vaults:3 | Killed Aizul
 51036 | Vaults:3 | Got a twisted shortbow
 51297 | Vaults:3 | Learned a level 8 spell: Summon Horrible Things
 52014 | Vaults:4 | Reached skill level 10 in Dodging
 52370 | Vaults:4 | Noticed Saint Roka
 52398 | Vaults:4 | Killed Saint Roka
 52765 | Vaults:4 | Reached XP level 20. HP: 138/148 MP: 32/34
 52966 | Vaults:4 | Found Beokeari's Jewellery Emporium.
 52966 | Vaults:4 | Found Bytairah's General Store.
 52975 | Vaults:4 | Bought a scroll of enchant armour for 112 gold pieces
 52985 | Vaults:4 | Bought the amulet of Weetzur {Acrobat Str+4} for 544 gold
                  | pieces
 53013 | Vaults:4 | Found Pyetikog's Antique Weapon Emporium.
 53427 | Depths:1 | Entered Level 1 of the Depths
 53771 | Depths:1 | Found a bloodstained altar of Trog.
 53892 | Depths:1 | Identified the +10 shortbow "Deed" {velocity, *Corrode MR+
                  | Stlth+}
 53926 | Depths:1 | Found a gateway to Hell.
 53960 | Depths:1 | Identified the +9 whip "Aneyn" {flame, rPois}
 54883 | Depths:1 | Reached XP level 21. HP: 154/154 MP: 35/35
 55011 | Depths:2 | Found a one-way gate to the infinite horrors of the Abyss.
 55169 | Depths:2 | Reached skill level 15 in Dodging
 55475 | Vaults:4 | Bought a crude falchion for 208 gold pieces
 55475 | Vaults:4 | Identified the cursed +3 falchion of Zamedurgh {slice,
                  | +Blink +Fly rF- Int+7} (You bought it in a shop on level 4
                  | of the Vaults)
 55640 | D:13     | Bought a transparent long sword for 263 gold pieces
 55641 | D:13     | Identified the cursed +3 long sword "Qaumip" {flame, rPois
                  | Dex+2} (You bought it in a shop on level 13 of the Dungeon)
 56053 | Depths:2 | You fall into a shaft and drop 1 floor!
 56312 | Depths:3 | HP: 4/156 [blizzard demon/bolt of cold (12)]
 56316 | Depths:3 | Killed from afar by a blizzard demon

Levels and vault maps discovered:
D:1:      matt_arrival_los_fun, layout_loops_ring, due_unseen_surprise
D:2:      layout_basic, lemuel_crystal_altar, first_ration, uniq_natasha,
          uniq_jessica
D:3:      layout_loops_cross, kennysheep_slug_shrine, uniq_ijyb
D:4:      layout_basic, minmay_temple_entry_poolview, serial_corexii_hall,
          corexii_hall_statues_s, corexii_hall_statues_x,
          chequers_hall_statues_wall_a, corexii_hall_statues_x,
          uniq_crazy_yiuf_cottage
D:5:      layout_basic, kennysheep_little_box,
          nemelex_xobeh_ov_fountains_minmay, basic_altar
D:6:      lemuel_castle_with_subvaults [lemuel_castle_interior_original],
          layout_cave_pools, old_standard_altar, zin_purify,
          fedhas_ov_isle_minmay
D:7:      layout_basic, uniq_duvessa
D:8:      layout_rooms, nicolae_overflow_crystal_walls,
          lemuel_zombie_altar_kikubaaqudgha, grunt_livestock
D:9:      layout_gridville, lemuel_mausoleum_altar_yredelemnul
D:10:     layout_loops_cross, david_lair_shrubbed
D:11:     layout_roguey [special_room_orc], serial_shops, shop
D:12:     layout_small_grid, erik_orc_2, minmay_misc_feat_ornament
D:13:     minmay_stepped, layout_cave_pools, erik_vaults_1, serial_shops,
          kennysheep_mini, minmay_three_doors
D:14:     gammafunk_the_bubble [the_bubble_gammafunk_roulette],
          layout_loops_ring, serial_park_avenue1, uniq_jorgrun
D:15:     grunt_enter_depths_snipers, layout_layer_cave, serial_shops,
          nicolae_shop_temple_entry_statues_fountains, minivault_11
Lair:1:   layout_small_grid, basic_altar, grunt_megastairs_4, lemuel_fruit_tree
Lair:2:   layout_misc_corridors, portal_ice_cave_rime
Lair:3:   layout_cave_pods, uniq_urug
Lair:4:   layout_cave_pods, minmay_swamp_entry_eels,
          minmay_snake_entry_guardpost_small, infiniplex_staircase_pool_2
Lair:5:   layout_cave_pods, nicolae_slime_entry_slimehenge, basic_altar,
          beast_lair_carwin_8
Lair:6:   grunt_lair_end_beastmaster, layout_gridlike, uniq_nessos
Swamp:1:  layout_falls_marsh, evilmike_swamp_ruin_house_2, swamp_pool1,
          nicolae_swamp_trees_clearing, infiniplex_staircase_pool
Swamp:2:  gammafunk_its_a_trap, layout_falls_marsh,
          gammafunk_ghost_berserking_beasts, nicolae_swamp_fairy_circle,
          swamp_pool2, wheals_swamp_sinkhole
Swamp:3:  layout_falls_marsh, evilmike_swamp_ruin_wall
Swamp:4:  grunt_swamp_rune_castle, layout_basic_swamp
Snake:1:  layout_cave_shapes, minmay_shop_grove
Snake:2:  layout_grid_shapes, st_stairs_3, grunt_ministairs_3
Snake:3:  layout_layer_cave, uniq_donald, uniq_nikola, uniq_kirke
Snake:4:  grunt_snake_rune_spirals, layout_onion_interference, basic_altar,
          nicolae_snake_shapes
Orc:1:    layout_diamond_mine, gammafunk_ghost_grave
Orc:2:    st_orc_congregation, layout_caves, serial_shops, shop,
          nicolae_shop_behind_doors, shop
Vaults:1: nicolae_vaults_angled_halls, hangedman_vaults_capsules,
          ontoclasm_vaults_shuriken, v_alt_pattern_6,
          vaults_room_stairs_pillars, nicolae_vaults_circle_grid_a,
          vaults_dpeg_diagonal, nicolae_vaults_little_squares_4,
          layout_vaults_omnigrid
Vaults:2: nicolae_vaults_what_the_h, hangedman_vaults_stitches,
          nicolae_vaults_network_barrier, vaults_room_pools, vaults_dpeg_doors,
          grunt_vaults_hallway_short, nicolae_vaults_circle_grid_a,
          vaults_mumra_minichess_inversion, minmay_crypt_entry_simple_box,
          v_misc_30, ontoclasm_vaults_gateway, ontoclasm_vaults_ring_large,
          layout_vaults_omnibox
Vaults:3: v_pattern_3, vaults_room_grid, hangedman_vaults_impose,
          nicolae_vaults_meeting, v_misc_27, ontoclasm_vaults_chip,
          ontoclasm_vaults_decontamination, ontoclasm_vaults_bender,
          ontoclasm_vaults_ligature, layout_vaults_big_room, uniq_aizul,
          uniq_xtahua, uniq_sojobo
Vaults:4: v_misc_1, v_misc_16, ontoclasm_vaults_idyll, vaults_room_ringed_pool,
          v_misc_5, nicolae_vaults_arrows, hangedman_vaults_snaps,
          vaults_room_pools, v_misc_5, vaults_room_pool,
          hangedman_vaults_hard_town_square, v_misc_17,
          nicolae_vaults_little_squares_6, layout_vaults_maze, uniq_saint_roka
Depths:1: layout_big_octagon, hellmouth_3, nrook_mini_vaults,
          kennysheep_diamond, st_stairs_13, minmay_strange_pillars,
          minmay_orc_keep
Depths:2: kennysheep_big_flooded_room, layout_cave_shapes, abyss_entry,
          chequers_serial_rivers_small_a, hell_entry, minmay_librarian,
          infiniplex_staircase_star, serial_bayou_shore_b
Depths:3: minmay_the_grid_net [minmay_the_grid_broken_lines,
          minmay_the_grid_square_x, minmay_the_grid_outer_circle,
          minmay_the_grid_spin_star, minmay_the_grid_minigrid_small_alt,
          minmay_the_grid_prize_inner_circle], layout_basic, lightli_too_deep,
          minmay_misc_feat_rugged, rand_demon_pan_entry_4,
          minmay_fire_ice_demons, uniq_frederick

Skill      XL: |  1  2  3  4  5  6  7  8  9 10 11 12 13 14 15 16 17 18 19 20 21 |
---------------+----------------------------------------------------------------+-----
Summonings     | 5 6 7 8 9 10 12 14 16 18 19 21 | 21.1
Fighting       | 4 8 10 11 | 11.0
Spellcasting   | 3 7 8 9 10 | 10.1
Dodging        | 5 7 8 12 14 15 | 15.8
Shields        | 5 |  5.0
Armour         | 9 10 13 18 20 | 20.0
Invocations    | 3 5 7 |  7.4
Hexes          | 4 |  4.6
Long Blades    | 6 10 12 | 12.3
Ice Magic      | 7 10 | 10.5
Short Blades   | 1 |  1.0
Translocations | 7 10 | 10.8
Stealth        | |  1.7

Action                   |  1- 3 |  4- 6 |  7- 9 | 10-12 | 13-15 | 16-18 | 19-21 || total
-------------------------+-------+-------+-------+-------+-------+-------+-------++-------
Melee: Unarmed           |     4 |       |       |       |       |       |       ||     4
       Spear             |    56 |   209 |     7 |       |       |       |       ||   272
       Mace              |     5 |       |       |       |       |       |       ||     5
       Falchion          |       |       |    81 |   164 |   723 |   677 |  1144 ||  2789
       Knife             |       |       |     7 |   180 |       |       |       ||   187
       Dagger            |       |       |       |       |   190 |       |       ||   190
 Cast: Summon Small Mamm |    26 |     5 |       |       |       |       |       ||    31
       Call Imp          |     7 |    28 |    14 |    14 |       |       |       ||    63
       Call Canine Famil |     2 |    26 |    26 |    40 |    27 |    15 |     3 ||   139
       Summon Lightning  |       |       |    25 |   107 |   127 |   141 |    51 ||   451
       Summon Ice Beast  |       |       |       |    64 |   208 |   205 |    57 ||   534
       Monstrous Menager |       |       |       |       |     9 |    19 |       ||    28
       Malign Gateway    |       |       |       |       |       |    24 |    21 ||    45
Invok: Slouch            |       |       |       |       |     1 |     7 |       ||     8
 Abil: Hop               |       |       |       |     1 |     4 |     9 |     6 ||    20
Evoke: Phantom mirror    |       |       |       |       |       |     1 |       ||     1
  Use: Scroll            |       |     3 |     6 |    17 |    18 |     4 |     8 ||    56
       Potion            |       |       |     1 |     2 |     7 |    16 |     2 ||    28
 Stab: Sleeping          |     3 |    10 |     4 |    22 |     8 |     1 |       ||    48
       Distracted        |       |     3 |     3 |     8 |    12 |    23 |    15 ||    64
       Petrifying        |       |       |       |       |     1 |       |     1 ||     2
  Eat: Chunk             |     4 |    10 |    13 |    10 |    21 |    10 |    17 ||    85
       Ration            |       |     1 |       |     2 |     4 |    10 |     1 ||    18
Armor: Robe              |    10 |    28 |    26 |     3 |       |       |       ||    67
       Acid dragon scale |       |       |       |    63 |   223 |    45 |       ||   331
       Swamp dragon scal |       |       |       |       |       |    46 |       ||    46
       Plate armour      |       |       |       |       |       |   227 |   430 ||   657
Dodge: Dodged            |    26 |   108 |   176 |   370 |   824 |   676 |   770 ||  2950
Block: Buckler           |       |       |       |   233 |   535 |   426 |   591 ||  1785
       Rpst.: Falchion   |       |       |    43 |    41 |   119 |   113 |   130 ||   446
